 Dungeon Crawl Stone Soup version 0.31-a0-204-g7da18cac08 (webtiles) character file.

Game seed: 9493129413080178283

30 qw the Shooter (level 3, -2/20 HPs)
             Began as a Deep Elf Hunter on June 27, 2023.
             Slain by a worm (6 damage)
             ... on level 2 of the Dungeon.
             The game lasted 00:00:18 (1079 turns).

qw the Shooter (Deep Elf Hunter)                    Turns: 1079, Time: 00:00:19

Health: -2/20      AC:  5    Str: 10    XL:     3   Next: 5%
Magic:  5/5        EV: 11    Int: 13    God:
Gold:   119        SH:  0    Dex: 18    Spells: 2/2 levels left

rFire   . . .        Y - +0 shortbow
rCold   . . .        (shield currently unavailable)
rNeg    . . .        e - +0 ring mail
rPois   .            (no helmet)
rElec   .            (no cloak)
rCorr   .            (no gloves)
SInv    .            (no boots)
Will    .....        (no amulet)
Stlth   +            (no ring)
HPRegen 0.23/turn    (no ring)
MPRegen 0.09/turn

%: no passive effects
@: no status effects
A: no striking features
a: no special abilities


You were on level 2 of the Dungeon.
You visited 1 branch of the dungeon, and saw 2 of its levels.

You collected 119 gold pieces.


   Skills:
 - Level 1.5 Fighting
 + Level 6.6 Ranged Weapons
 - Level 2.4 Dodging
 - Level 1.2 Stealth


You had 2 spell levels left.
You didn't know any spells.
Your spell library was empty.

Inventory:

Hand Weapons
 Y - a +0 shortbow (weapon)
Armour
 e - a +0 ring mail (worn)
Scrolls
 a - 2 scrolls of noise {unknown}
 b - a scroll of silence {unknown}
 c - a scroll of brand weapon {unknown}
Potions
 d - a potion of haste {unknown}
 f - a potion of berserk rage {unknown}
 g - a potion of ambrosia {unknown}
 h - 2 potions of attraction {unknown}
 j - a potion of degeneration {unknown}

Dungeon Overview and Level Annotations

Branches:
Dungeon (2/15)

Altars:


Message History

A bat comes into view.
The adder barely misses you. The adder closely misses you.
The bat moves out of view.
You shoot an arrow. The arrow hits the adder!
The adder is almost dead.
The adder bites you but does no damage.
A worm comes into view.
You shoot an arrow. The arrow closely misses the adder.
The adder closely misses you. The adder bites you.
A rat comes into view.
You shoot an arrow. The arrow hits the adder!
You kill the adder!
You have reached level 3!
Your experience leads to an increase in your attributes!
Increase (S)trength, (I)ntelligence, or (D)exterity?
You feel stronger. x2
You shoot an arrow. The arrow closely misses the rat.
The rat bites you but does no damage.
You shoot an arrow.
The arrow hits the rat but does no damage.
The rat bites you but does no damage.
You shoot an arrow. The arrow closely misses the rat.
The arrow hits the bat but does no damage.
The rat barely misses you. The rat bites you.
You shoot an arrow. The arrow barely misses the rat.
The arrow barely misses the bat.
The rat barely misses you.
You shoot an arrow. The arrow hits the rat.
You kill the rat!
The bat closely misses you. The bat hits you but does no damage.
You shoot an arrow. The arrow hits the bat.
You kill the bat!
You shoot an arrow. The arrow barely misses the worm.
You shoot an arrow. The arrow hits the worm!
The worm is heavily wounded.
The worm bites you.
You shoot an arrow. The arrow hits the worm.
The worm is heavily wounded.
The worm bites you.
You die...

#+ ............#. #.
#.######.#.....(..#.
#.##........+..........
##...........#....?.....
..............)......#.
............#........
#.##.#.##.....###......
#.......'.......#.###..
....###@##.....###.###..
. #w##...:.###......
...###............ ....#
#######.###.. .....# #.#
#.. #.....# #.# #..
#.....# #######.###.#
......+ .............
#######.###.#


You could see a worm.

Vanquished Creatures
  An adder (D:2)
  A dart slug (D:1)
  A ball python (D:1)
  2 bats
  2 endoplasms (D:1)
  A giant cockroach (D:2)
  A hobgoblin (D:2)
  4 jackals
  2 kobolds (D:2)
  2 frilled lizards
  A rat (D:2)
18 creatures vanquished.

Notes
Turn   | Place    | Note
-------+----------+-------------------------------------------
     0 | D:1      | qw the Deep Elf Hunter began the quest for the Orb.
     0 | D:1      | Reached XP level 1. HP: 12/12 MP: 3/3
     0 | D:1      | 0 ||| qw: Version: 0.3-a-22-g0ed2b0b
     0 | D:1      | 0 ||| qw: Game counter: 6450
     0 | D:1      | 0 ||| qw: Melee chars always use a shield: true
     0 | D:1      | 0 ||| qw: God list: Okawaru
     0 | D:1      | 0 ||| qw: Allow faded altars: false
     0 | D:1      | 0 ||| qw: Do Orc after clearing Dungeon:15 true
     0 | D:1      | 0 ||| qw: Do second Lair branch before Depths: true
     0 | D:1      | 0 ||| qw: Lair rune preference: random
     0 | D:1      | 0 ||| qw: Goals: Normal
     0 | D:1      | 0 ||| PLANNING D:1-11
    94 | D:1      | Noticed a great orb of eyes
   100 | D:1      | Noticed a floating eye
   102 | D:1      | Found a faded altar of an unknown god.
   104 | D:1      | Noticed a golden eye
   104 | D:1      | Noticed an eye of devastation
   423 | D:1      | Reached skill level 6 in Ranged Weapons
   423 | D:1      | Reached XP level 2. HP: 16/16 MP: 4/4
   592 | D:1      | 592 ||| UPGRADING to +0 ring mail.
   602 | D:1      | 602 ||| DROPPING +0 leather armour.
   603 | D:1      | 603 ||| READING scroll labelled LAEDURCHUOSO.
   608 | D:1      | 608 ||| READING scroll labelled QUAQ ETRIU.
   609 | D:1      | 609 ||| DROPPING scroll of butterflies.
   758 | D:2      | HP: 2/16 [jackal (3)]
  1071 | D:2      | Reached XP level 3. HP: 9/20 MP: 5/5
  1078 | D:2      | HP: 4/20 [worm (5)]
  1079 | D:2      | Slain by a worm

Levels and vault maps discovered:
D:1:      dpeg_arrival_simpleton_b, layout_loops_cross,
          hellmonk_ecumenical_altar_watching_god, ebering_dispersal_statue_hall
D:2:      layout_basic, moated_statue, grunt_ministairs_3

Skill      XL: |  1 |
---------------+----+-----
Ranged Weapons | 6 |  6.6
Fighting       | |  1.5
Dodging        | |  2.4
Stealth        | |  1.2

Action                     || total
---------------------------++-------
   Fire: Shortbow          ||    67
    Use: Scroll            ||     2
 Armour: Leather armour    ||     3
         Ring mail         ||    10
  Dodge: Dodged            ||    34

Table legend:
 A = Non-vault XP
 B = Vault XP
 C = Vault XP percentage of total XP
 D = Non-vault monster count
 E = Vault monster count
 F = Vault count percentage of total count
                 A         B        C        D         E       F
            +---------+---------+-------+---------+---------+-------
      Total |      41 |       3 |   6.8 |      16 |       2 |  11.1
            +---------+---------+-------+---------+---------+-------
        D:1 |      17 |       0 |   0.0 |       8 |       0 |   0.0
        D:2 |      24 |       3 |  11.1 |       8 |       2 |  20.0
            +---------+---------+-------+---------+---------+-------
